 Dungeon Crawl Stone Soup version 0.26-a0-180-ge96aa7da28 (webtiles) character file.

Game seed: 14764359774170631849

2131 Apogee the Grappler (level 9, -2/88 HPs)
             Began as a Troll Monk on July 3, 2020.
             Was a Priest of Yredelemnul.
             Slain by an orc warrior
             ... wielding a +0 flail
              (16 damage)
             ... on level 6 of the Dungeon.
             The game lasted 00:14:40 (5629 turns).

Apogee the Grappler (Troll Monk)                    Turns: 5629, Time: 00:14:41

Health: -2/88      AC:  8    Str: 24    XL:     9   Next: 9%
Magic:  9/11       EV: 10    Int:  6    God:    Yredelemnul [***...]
Gold:   338        SH:  0    Dex: 12    Spells: 8/8 levels left

rFire    + . .     SeeInvis .     - Unarmed
rCold    + . .     Faith    .   (no shield)
rNeg     . . .     Spirit   .   a - +0 robe
rPois    +         Reflect  .   (helmet restricted)
rElec    +         Harm     .   r - +1 cloak
rCorr    +                      (gloves unavailable)
MR       .....                  (boots unavailable)
Stlth    ++........             (no amulet)
HPRegen  0.64/turn              (no ring)
MPRegen  0.12/turn              (no ring)

@: resistant
A: large, unfitting armour, claws 3, fast metabolism 3, gourmand, regeneration
1, shaggy fur 1, tough skin 3
a: Recall Undead Slaves, Injury Mirror, Animate Dead, Renounce Religion


You were on level 6 of the Dungeon.
You worshipped Yredelemnul.
Yredelemnul was most pleased with you.
You were full.

You visited 2 branches of the dungeon, and saw 8 of its levels.
You also visited: Ossuary.

You collected 338 gold pieces.

Inventory:

Hand Weapons
 g - a +3 vorpal dire flail
 k - a +3 vampiric whip
 q - a +1 vorpal mace
 s - a +2 short sword of protection
 v - a +2 trident of protection
 x - a +2 whip of venom
 y - a +2 flail of protection
 D - a +1 short sword of venom
Missiles
 j - 16 poisoned darts (quivered)
 F - 5 curare-tipped darts
 H - 17 sling bullets
 I - 14 stones
Armour
 a - a +0 robe (worn)
 p - a scarf of invisibility
 r - a +1 cloak (worn)
 w - a +0 kite shield
Magical Staves
 t - an uncursed staff of poison
Jewellery
 i - an uncursed amulet of reflection
Wands
 l - a wand of disintegration (11)
 B - a wand of flame (18)
Scrolls
 d - 4 scrolls of enchant armour
 f - 5 scrolls of magic mapping
 h - 9 scrolls of identify
 m - 6 scrolls of remove curse
 u - a scroll of amnesia
 E - 4 scrolls of enchant weapon
 G - a scroll of teleportation {unknown}
Potions
 c - a potion of lignification
 e - 5 potions of curing
 n - a potion of stabbing
 A - 2 potions of mutation {unknown}
Comestibles
 b - 11 rations


   Skills:
 + Level 5.6 Fighting
 - Level 1.9 Short Blades
 - Level 2.0 Maces & Flails
 - Level 2.4 Dodging
 - Level 2.0 Stealth
 + Level 8.6 Unarmed Combat
 - Level 4.0 Invocations


You had 8 spell levels left.
You didn't know any spells.
Your spell library contained the following spells:

 Spells                   Type           Power        Failure   Level  Hunger
 Passwall                 Tmut/Erth      #.......     58%         2    ###....
 Swiftness                Chrm/Air       #.......     58%         2    ###....
 Passage of Golubria      Tloc           N/A          99%         4    #####..
 Lee's Rapid Deconstruct  Erth           #.........   100%        5    ######.
 Darkness                 Hex            #.........   100%        6    #######
 Invisibility             Hex            #.......     100%        6    #######


Dungeon Overview and Level Annotations

Branches:
Dungeon (7/15)             Temple (1/1) D:5         Ossuary (visited)

Altars:
Ashenzari
Cheibriados
Dithmenos
Elyvilon
Gozag
Hepliaklqana
Kikubaaqudgha
Makhleb
Nemelex Xobeh
Okawaru
Qazlal
Sif Muna
Trog
Uskayaw
Vehumet
Wu Jian
Xom
Yredelemnul
Zin
The Shining One

Shops:
D:5 [*

Annotations:
D:2 1 runed translucent door, Crazy Yiuf, Sigmund
D:3 exclusion: door
D:7 Harold


Innate Abilities, Weirdness & Mutations

You are too large for most types of armour.
You have claws for hands.
Your metabolism is lightning-fast.
You like to eat raw meat.
Your natural rate of healing is unusually fast.
You are covered in fur. (AC +1)
You have extremely tough skin. (AC +3)


Message History

Your +1 cloak unmelds from your body.
Your +0 robe unmelds from your body.
Okay, then.
You feel better. The orc warrior completely misses you.
You call on the dead to rise...
The dead are walking!
You feel somewhat less full.
The orc warrior hits you with a +0 flail.
* * * LOW HITPOINT WARNING * * *
It was a potion of resistance.
You feel protected.
The orc warrior hits you with a +0 flail.
* * * LOW HITPOINT WARNING * * *
Your orc zombie hits the orc warrior but does no damage.
You scratch the orc warrior.
The orc warrior is moderately wounded.
The orc warrior completely misses you.
Your orc zombie closely misses the orc warrior.
You feel better.
The orc warrior hits you with a +0 flail!
You die...
Your body rises from the dead as a mindless zombie.

##
#.##................#.#...
#
##.###............###.###.
#.###............#.....#.
#..##............###.###.
##.##...##.........#.#...
#..#.)..###.......#'#...
##......# ####..........
#.......# #####..##..
##..#...@## #.###..
#....##..o## #......
##..#####.Z.## ###....
#...# ##..)## ##....
##..## ##..>## ##.....
#...# ##...#####..#...
##..## ###...##..##...
#...# ##.....###...
######...# ######...##
##..


You could see an orc warrior and a friendly orc zombie.

Vanquished Creatures
  Eustachio (D:3)
  A hungry ghost (D:5)
  Edmund (D:4)
  An ice beast (D:5)
  2 ogres (D:4)
  A centaur (D:6)
  An elf zombie (Ossuary)
  A gnoll sergeant (D:5)
  2 bullfrogs (D:6)
  3 jellies
  5 orc priests
  2 hounds
  3 orc wizards
  2 centaur skeletons
  8 worker ants
  An iguana (D:4)
  A big kobold zombie (Ossuary)
  A hound skeleton (D:7)
  2 hound zombies (Ossuary)
  4 mummies (Ossuary)
  11 gnolls
  10 adders
  A shadow imp (D:5)
  2 white imps
  8 oozes
  2 adder zombies
  An adder skeleton (D:5)
  4 worms
  3 dart slugs
  3 leopard geckos
  19 orcs
  2 ball pythons
  20 giant cockroaches
  A gnoll zombie (Ossuary)
  2 goblins (D:1)
  5 hobgoblins
  3 jackals
  9 kobolds
  6 quokkas
  3 bats
  5 frilled lizards
  2 goblin zombies (Ossuary)
  A hobgoblin zombie (Ossuary)
  2 orc zombies (Ossuary)
  A quokka skeleton (D:4)
  7 rats
  A rat zombie (Ossuary)
177 creatures vanquished.

Vanquished Creatures (others)
  An orc priest (D:6)
  An adder (D:6)
  An ufetubus (D:6)
3 creatures vanquished.

Grand Total: 180 creatures vanquished

Notes
Turn   | Place    | Note
-------+----------+-------------------------------------------
     0 | D:1      | Apogee the Troll Monk began the quest for the Orb.
     0 | D:1      | Reached XP level 1. HP: 22/22 MP: 0/0
     1 | D:1      | Found a runed translucent door.
   149 | D:1      | Reached XP level 2. HP: 29/29 MP: 1/1
   727 | D:1      | Reached XP level 3. HP: 35/36 MP: 2/2
   735 | D:1      | Reached skill level 4 in Unarmed Combat
   939 | D:2      | Reached XP level 4. HP: 42/45 MP: 3/3
  1047 | D:2      | Found a runed translucent door.
  1047 | D:2      | Noticed Sigmund
  1048 | D:2      | Noticed Crazy Yiuf
  1454 | D:3      | Reached skill level 5 in Unarmed Combat
  1477 | D:3      | Reached XP level 5. HP: 53/53 MP: 4/4
  1866 | D:3      | Found a shimmering blue altar of Sif Muna.
  2079 | D:4      | Noticed an ogre
  2085 | D:4      | Killed an ogre
  2085 | D:4      | Reached XP level 6. HP: 47/62 MP: 5/5
  2126 | D:4      | Noticed Eustachio
  2128 | D:4      | Noticed Edmund
  2151 | D:4      | Killed Edmund
  2151 | D:4      | Reached skill level 6 in Unarmed Combat
  2281 | D:3      | Killed Eustachio
  2281 | D:3      | Reached XP level 7. HP: 32/71 MP: 6/6
  2405 | D:4      | Reached skill level 7 in Unarmed Combat
  2752 | D:4      | Found a shattered altar of Ashenzari.
  3122 | D:4      | Found a bloodstained altar of Trog.
  3128 | D:4      | Reached skill level 8 in Unarmed Combat
  3262 | D:5      | Entered Level 5 of the Dungeon
  3264 | D:5      | Reached skill level 5 in Fighting
  3286 | D:5      | Found Rociucink's Antique Armour Boutique.
  3312 | D:5      | Reached XP level 8. HP: 63/80 MP: 7/7
  3350 | D:5      | Reached skill level 1 in Short Blades
  3353 | D:5      | Found a staircase to the Ecumenical Temple.
  3366 | Temple   | Entered the Ecumenical Temple
  3462 | Temple   | Became a worshipper of Yredelemnul the Dark
  3462 | Temple   | Reached * piety under Yredelemnul
  3462 | Temple   | Reached ** piety under Yredelemnul
  3552 | D:5      | Reached skill level 1 in Invocations
  3732 | D:5      | Reached skill level 1 in Maces & Flails
  3965 | D:5      | Found Houcinou's Assorted Antiques.
  4216 | D:6      | Found a sand-covered staircase.
  4224 | Ossuary  | Entered an ossuary
  4255 | Ossuary  | Reached *** piety under Yredelemnul
  4724 | D:6      | Reached XP level 9. HP: 88/88 MP: 11/11
  4773 | D:6      | Found a shimmering altar of Xom.
  5408 | D:7      | Noticed Harold
  5428 | D:7      | HP: 1/88 [gnoll/+0 halberd (9)]
  5621 | D:6      | HP: 1/132 [orc warrior/+0 flail (6)]
  5629 | D:6      | Slain by an orc warrior

Illustrated notes

Levels and vault maps discovered:
D:1:      dpeg_arrival_caged_fury, layout_basic
D:2:      layout_rooms, uniq_crazy_yiuf_cottage, uniq_sigmund
D:3:      layout_rooms, first_ration, led_sif_book
D:4:      layout_loops_ring, evilmike_ruin_ashenzari, lightli_temple_of_fire,
          uniq_edmund, uniq_eustachio
D:5:      layout_rooms, minmay_temple_entry_arrows, serial_shops,
          nicolae_shop_behind_doors, nicolae_shop_overgrown_old_shop
D:6:      layout_cave_pods, xom_confusion_cloud, nicolae_ossuary_entry_plus
D:7:      minmay_the_grid_four_pointed_star
          [minmay_the_grid_triangle_9x9_corrupted_corridor,
          minmay_the_grid_triangle_9x9_thin_v,
          minmay_the_grid_triangle_9x9_pentomino_pain,
          minmay_the_grid_triangle_9x9_empty,
          minmay_the_grid_prize_diamond_cup], layout_loops_ring, serial_shops,
          nicolae_shop_stone, uniq_harold, uniq_maggie, uniq_prince_ribbit1
Temple:   minmay_temple_bridge_d

Skill      XL: |  1  2  3  4  5  6  7  8 |
---------------+-------------------------+-----
Unarmed Combat | 4 5 6 8 |  8.6
Fighting       | 3 4 5 |  5.6
Short Blades   | 1 |  1.9
Invocations    | 4 |  4.0
Stealth        | 2 |  2.0
Maces & Flails | 2 |  2.0
Dodging        | |  2.4

Action                   |  1- 3 |  4- 6 |  7- 9 || total
-------------------------+-------+-------+-------++-------
Melee: Unarmed           |    91 |   146 |   302 ||   539
       Punch             |     1 |     1 |    15 ||    17
Throw: Dart              |       |       |     4 ||     4
Invok: Animate Dead      |       |       |     1 ||     1
  Use: Scroll            |       |    11 |     1 ||    12
       Potion            |       |     4 |     7 ||    11
 Stab: Sleeping          |       |       |     6 ||     6
  Eat: Chunk             |    14 |    12 |    31 ||    57
Armor: Robe              |    35 |    70 |   142 ||   247
       Skin              |       |       |    13 ||    13
Dodge: Dodged            |    38 |    88 |   187 ||   313

Table legend:
 A = Non-vault XP
 B = Vault XP
 C = Vault XP percentage of total XP
 D = Non-vault monster count
 E = Vault monster count
 F = Vault count percentage of total count
                 A         B        C        D         E       F
            +---------+---------+-------+---------+---------+-------
      Total |    2240 |     805 |  26.4 |     144 |      33 |  18.6
            +---------+---------+-------+---------+---------+-------
        D:1 |      35 |      46 |  56.8 |      14 |      12 |  46.2
        D:2 |     105 |       0 |   0.0 |      30 |       0 |   0.0
        D:3 |      89 |     197 |  68.9 |      19 |       1 |   5.0
        D:4 |     701 |     147 |  17.3 |      27 |       1 |   3.6
        D:5 |     862 |       0 |   0.0 |      34 |       0 |   0.0
        D:6 |     411 |     164 |  28.5 |      17 |       3 |  15.0
        D:7 |      37 |       0 |   0.0 |       3 |       0 |   0.0
    Ossuary |       0 |     251 | 100.0 |       0 |      16 | 100.0
            +---------+---------+-------+---------+---------+-------
